 Dungeon Crawl Stone Soup version 0.17-a0-913-g36eb389 (webtiles) character file.

241 FrankMcFuzz the Chopper (level 5, 0/41 HPs)
             Began as a Demonspawn Gladiator on May 3, 2015.
             Succumbed to an adder's poison
             ... in a sewer.
             The game lasted 00:18:06 (1988 turns).

FrankMcFuzz the Chopper (Demonspawn Gladiator)      Turns: 1988, Time: 00:18:06

Health: 0/41       AC: 12    Str: 16      XL:     5   Next: 80%
Magic:  5/5        EV:  7    Int: 10      God:
Gold:   75         SH:  0    Dex: 11 (12) Spells: 0 memorised, 4 levels left

rFire  . . .     SeeInvis .     a - +0 war axe
rCold  . . .     Clarity  .     f - +0 chain mail
rNeg   . . .     SustAb   .     (no shield)
rPois  .         Gourm    .     (helmet restricted)
rElec  .         Spirit   .     (no cloak)
rCorr  .         Warding  .     (no gloves)
rMut   .         Stasis   .     (no boots)
MR     .....                    (no amulet)
Stlth  ..........               (no ring)
                                (no ring)

@: lethally poisoned (0 -> -5), flying, not resistant to hostile enchantments,
extremely unstealthy
A: antennae 1, rough black scales 1, powered by pain 1
a: no special abilities


You were in a sewer.
You were not hungry.

You visited 1 branch of the dungeon, and saw 3 of its levels.
You also visited: Sewer.

You collected 75 gold pieces.

Inventory:

Hand weapons
 a - a +0 war axe (weapon)
Missiles
 d - 4 throwing nets (quivered)
Armour
 b - a +0 leather armour
 c - a +0 helmet
 f - a +0 chain mail (worn)
 n - a +1 animal skin
 o - a +2 helmet
Scrolls
 g - a scroll of enchant armour {unknown}
 h - 2 scrolls of immolation {unknown}
 i - a scroll of blinking {unknown}
 j - a scroll of random uselessness {unknown}
 l - a scroll of identify {unknown}
 q - a scroll of remove curse {unknown}
Potions
 k - a potion of degeneration
Comestibles
 e - 3 bread rations
 p - a meat ration


   Skills:
 + Level 3.0 Fighting
 + Level 4.1 Axes
 + Level 2.0 Throwing
 + Level 2.4 Armour
 + Level 3.6 Dodging


You had 4 spell levels left.
You didn't know any spells.

Dungeon Overview and Level Annotations

Branches:
Dungeon (3/15)

Altars:
Kikubaaqudgha
Zin


Innate Abilities, Weirdness & Mutations

You have a pair of small antennae on your head.
You are partially covered in rough black scales (AC +4, Dex -1).
You sometimes gain a little power by taking damage.


Message History

Drink which item? (? for menu, Esc to quit)
It was a potion of degeneration.
There was something very wrong with that liquid.
You feel clumsy.
* * * LOW HITPOINT WARNING * * *
You feel sick. The adder bites you but does no damage.
Drink which item? (? for menu, Esc to quit)
It was a potion of flight.
You feel very buoyant.
You fly up into the air.
* * * LOW HITPOINT WARNING * * *
You feel sick. The adder barely misses you.
You closely miss the adder.
* * * LOW HITPOINT WARNING * * *
You feel sick. The adder bites you but does no damage.
The adder bites you but does no damage.
You barely miss the adder. The adder bites you but does no damage.
The adder closely misses you.
You barely miss the adder.
You die...

##########
...≈≈≈≈≈≈####
.≈≈†≈≈≈≈≈≈≈.####
########≈≈≈.≈≈≈##
{ ####≈≈.≈.##
{###≈≈.≈##
##≈†.≈# ##≈≈≈##
{#≈@..# ##S.≈#
#≈≈≈.# #≈≈.∩#
#≈.≈.# #≈..##
..≈≈# ≈≈≈## ≈≈≈#


You could see an adder.

Vanquished Creatures
  An orc priest (D:3)
  Robin (D:2)
  3 adders
  5 gnolls
  3 oozes (Sewer)
  A worm (D:2)
  8 giant geckos
  An orc (D:3)
  6 bats
  13 giant cockroaches
  10 goblins
  10 hobgoblins
  10 jackals
  7 kobolds
  A quokka (D:2)
  7 ball pythons
  3 giant newts
  7 rats
97 creatures vanquished.

Notes
Turn   | Place    | Note
--------------------------------------------------------------
     0 | D:1      | FrankMcFuzz, the Demonspawn Gladiator, began the quest for the Orb.
     0 | D:1      | Reached XP level 1. HP: 16/16 MP: 1/1
    56 | D:1      | Gained mutation: You have a pair of small antennae on your head. [demonic ancestry]
    56 | D:1      | Reached XP level 2. HP: 13/22 MP: 2/2
   117 | D:1      | Reached skill level 3 in Axes
   360 | D:1      | Reached XP level 3. HP: 18/27 MP: 3/3
   776 | D:2      | Found an ancient bone altar of Kikubaaqudgha.
   971 | D:2      | Gained mutation: You are partially covered in rough black scales (AC +4, Dex -1). [demonic ancestry]
   971 | D:2      | Reached XP level 4. HP: 34/34 MP: 4/4
   991 | D:2      | Reached skill level 1 in Armour
  1161 | D:2      | Noticed Robin
  1189 | D:2      | Killed Robin
  1238 | D:2      | Gained mutation: You sometimes gain a little power by taking damage. [demonic ancestry]
  1238 | D:2      | Reached XP level 5. HP: 34/39 MP: 5/5
  1528 | D:2      | Found a glowing silver altar of Zin.
  1755 | D:3      | Found a glowing drain.
  1791 | D:3      | Reached skill level 4 in Axes
  1806 | Sewer    | Entered a sewer
  1984 | Sewer    | HP: 2/41 [poisoned by an adder]
  1988 | Sewer    | Succumbed to an adder's poison

Action                   |  1- 3 |  4- 6 || total
-------------------------+-------+-------++-------
Melee: War axe           |   155 |   197 ||   352
  Use: Potion            |       |     2 ||     2
  Eat: Meat ration       |       |     1 ||     1
